 Dungeon Crawl Stone Soup version 0.29-a0-422-gafbd6decc1 (webtiles) character file.

Game seed: 13373636984040112263

8921 HendSelp the Spear-Bearer (level 11, -9/68 HPs)
             Began as a Tengu Fighter on May 18, 2022.
             Was an Initiate of Gozag.
             Mangled by an ice devil (27 damage)
             ... in an ice cave.
             The game lasted 00:11:24 (10010 turns).

HendSelp the Spear-Bearer (Tengu Fighter)          Turns: 10010, Time: 00:11:25

Health: -9/68      AC: 21    Str: 21    XL:     11   Next: 38%
Magic:  12/12      EV: 10    Int:  9    God:    Gozag
Gold:   316        SH:  0    Dex: 13    Spells: 10/10 levels left

rFire   . . .      SeeInvis .   v - +2 halberd (venom)
rCold   . . .      Faith    .   (shield currently unavailable)
rNeg    . . .      Spirit   .   d - +2 plate armour
rPois   .          Reflect  .   (helmet restricted)
rElec   .          Harm     +   i - scarf {harm}
rCorr   .          Rampage  .   G - +0 pair of gloves
Will    .....                   (boots unavailable)
Stlth   ..........              q - amulet of magic regeneration
HPRegen 0.21/turn               s - +4 ring of slaying
MPRegen 0.53/turn               m - +4 ring of protection

@: gold aura, flying quickly and evasively, slowed, very slow
A: beak, talons 3, nimble flight
a: Renounce Religion, Potion Petition, Call Merchant, Bribe Branch


You were in an ice cave.
You worshipped Gozag.
Gozag was aware of your devotion.
You visited 2 branches of the dungeon, and saw 12 of its levels.
You also visited: Ice Cave.

You collected 1900 gold pieces.
You paid 1584 gold pieces to Gozag.

Inventory:

Hand Weapons
 a - a +1 spectral trident
 v - a +2 halberd of venom (weapon)
Missiles
 h - 2 throwing nets (quivered)
Armour
 d - a +2 plate armour (worn)
 i - a scarf of harm (worn)
 G - a +0 pair of gloves (worn)
Jewellery
 e - a ring of positive energy
 m - a +4 ring of protection (right hand)
 q - an amulet of magic regeneration (around neck)
 s - a +4 ring of slaying (left hand)
Wands
 f - a wand of polymorph (21)
 l - a wand of digging (6)
 n - a wand of flame (9)
 E - a wand of paralysis (4)
Scrolls
 b - 2 scrolls of fog
 k - a scroll of immolation
 y - a scroll of amnesia
 B - 3 scrolls of teleportation
 C - a scroll of summoning
 D - a scroll of brand weapon
Potions
 c - a potion of curing
 g - 3 potions of heal wounds
 j - 2 potions of mutation
 o - 3 potions of magic
 p - 2 potions of haste
 r - a potion of ambrosia
 t - 2 potions of flight
 u - 4 potions of lignification
 w - a potion of attraction
 x - 2 potions of cancellation
 z - a potion of resistance {unknown}
 A - a potion of brilliance {unknown}


   Skills:
 * Level 7.9 Fighting
 * Level 13.6 Polearms
 * Level 9.5 Armour
 * Level 6.1 Dodging
 - Level 3.0 Shields


You had 10 spell levels left.
You didn't know any spells.
Your spell library contained the following spells:

 Spells                   Type           Power      Damage    Failure   Level
 Apportation              Tloc           0%         N/A       99%         1
 Corpse Rot               Necr/Air       0%         N/A       100%        2
 Poisonous Vapours        Pois/Air       0%         N/A       100%        2
 Animate Armour           Summ/Erth      0%         N/A       100%        4
 Alistair's Intoxication  Tmut/Pois      0%         N/A       100%        5
 Blade Hands              Tmut           0%         N/A       100%        5
 Iron Shot                Conj/Erth      0%         9d1       100%        6


Dungeon Overview and Level Annotations

Branches:
Dungeon (11/15)            Temple (1/1) D:4            Lair (0/6) D:10
    Orc (0/2) D:9           IceCv (1/1)

Altars:
Ashenzari
Cheibriados
Dithmenos
Elyvilon
Fedhas
Gozag
Hepliaklqana
Kikubaaqudgha
Makhleb
Nemelex Xobeh
Okawaru
Qazlal
Ru
Sif Muna
Trog
Uskayaw
Vehumet
Wu Jian
Xom
Yredelemnul
Zin
The Shining One
Jiyva

Shops:
D:6 *(?   D:7 =!   D:10 :   D:11 *=

Annotations:
D:8 2 transporters


Innate Abilities, Weirdness & Mutations

You have a beak for a mouth.
You have claws for feet.
Your magical nature lets you fly swiftly and evasively.


Message History

Unknown command.
You slash the freezing wraith!
You destroy the freezing wraith!
The ice devil closely misses you.
Unknown command.
You barely miss the ice devil.
You claw the ice devil, but do no damage.
The ice devil hits you but does no damage. x2
Unknown command.
You barely miss the ice devil. Your peck misses the ice devil.
The ice devil hits you! The ice devil freezes you!
* * * LOW HITPOINT WARNING * * *
You are too injured to fight recklessly!
Welcome back, HendSelp the Tengu Fighter.
Gozag says: Greed is good.
Press ? for a list of commands and other information.
Press: ? - help, v - describe, . - travel
Here: an ice devil The floor.
Unknown command.
You feel much better. The ice devil closely misses you.
Unknown command.
Unknown command.
Throw: 4 throwing nets
Press: ? - help, Q - select action, (/) - cycle Shift-Dir - straight line, f - ice devil
Aim: an ice devil (65% to hit)
You throw a throwing net.
The throwing net barely misses the ice devil.
The ice devil closely misses you.
The ice devil hits you but does no damage.
Throw: 3 throwing nets
Press: ? - help, Q - select action, (/) - cycle Shift-Dir - straight line, f/p - ice devil
Aim: an ice devil (65% to hit)
You throw a throwing net.
The throwing net barely misses the ice devil.
The ice devil hits you!
* * * LOW HITPOINT WARNING * * *
The ice devil freezes you!!
You die...
Your body crumbles into a pile of gold.

# ###. ##.. ##... ###
#...# ..##### ...## .##
......## ######..##.....
.......###.#....@$$....)
........#........4##..[#
............####### #
..........###
........### ....#.###
#..#### #..# ..##


You could see an ice devil.

Vanquished Creatures
  A two-headed ogre (D:8)
  2 ice statues (IceCv)
  An ice devil (IceCv)
  A freezing wraith (IceCv)
  A hornet (D:9)
  6 yaks
  A wraith (D:9)
  2 vampires (D:10)
  A wyvern (D:7)
  4 steam dragons
  Eustachio (D:4)
  Edmund (D:4)
  An acid dragon (D:9)
  A warg (D:9)
  5 water moccasins
  An orc warrior (D:9)
  3 black bears (D:10)
  2 sky beasts
  An ogre (D:6)
  4 centaurs
  4 phantoms
  4 bullfrogs
  A gnoll sergeant (D:10)
  2 necrophages
  2 scorpions
  2 cane toad simulacra (IceCv)
  4 wights (D:9)
  12 killer bees (D:9)
  3 howler monkeys (D:10)
  An electric eel (D:6)
  A hound (D:3)
  11 orc priests
  5 jellies
  A gnoll shaman (D:5)
  Terence (D:2)
  4 iguanas
  Ijyb (D:3)
  7 orc wizards
  2 spriggan simulacra (IceCv)
  A polar bear simulacrum (IceCv)
  A troll simulacrum (IceCv)
  Robin (D:3)
  5 adders
  12 gnolls
  2 shadow imps
  A white imp (IceCv)
  4 ufetubi
  2 worms
  3 dart slugs
  39 orcs
  2 endoplasms (D:4)
  A giant cockroach (D:2)
  11 goblins
  10 hobgoblins
  8 kobolds
  2 quokkas (D:2)
  3 ball pythons
  3 bats
  A frilled lizard (D:3)
  3 rats (D:2)
223 creatures vanquished.

Vanquished Creatures (others)
  27 fungi (D:10)
  59 plants
86 creatures vanquished.

Grand Total: 309 creatures vanquished

Notes
Turn   | Place    | Note
-------+----------+-------------------------------------------
     0 | D:1      | HendSelp the Tengu Fighter began the quest for the Orb.
     0 | D:1      | Reached XP level 1. HP: 14/14 MP: 2/2
   462 | D:1      | Reached XP level 2. HP: 15/19 MP: 3/3
   753 | D:2      | Noticed Terence
   759 | D:2      | Reached XP level 3. HP: 21/23 MP: 4/4
   768 | D:2      | Killed Terence
   769 | D:2      | Reached skill level 1 in Dodging
   989 | D:2      | Reached skill level 3 in Polearms
  1219 | D:2      | Reached XP level 4. HP: 28/28 MP: 5/5
  1233 | D:2      | Found a faded altar of an unknown god.
  1318 | D:3      | Noticed Ijyb
  1327 | D:3      | Killed Ijyb
  1343 | D:3      | Gained mutation: Your magical nature lets you fly swiftly
                  | and evasively. [Tengu growth]
  1343 | D:3      | Reached XP level 5. HP: 14/33 MP: 6/6
  1573 | D:3      | Noticed Robin
  1584 | D:3      | Killed Robin
  1919 | D:3      | Reached skill level 4 in Polearms
  2158 | D:4      | Found a burning altar of Makhleb.
  2216 | D:4      | Noticed Edmund
  2238 | D:4      | Killed Edmund
  2239 | D:4      | Reached XP level 6. HP: 37/38 MP: 7/7
  2298 | D:4      | Noticed Eustachio
  2301 | D:4      | Reached skill level 5 in Polearms
  2301 | D:4      | Reached skill level 5 in Armour
  2304 | D:4      | Killed Eustachio
  2305 | D:4      | Reached XP level 7. HP: 43/43 MP: 8/8
  2399 | D:4      | Found a staircase to the Ecumenical Temple.
  2434 | Temple   | Entered the Ecumenical Temple
  2538 | Temple   | Became a worshipper of Gozag Ym Sagoz the Greedy
  2793 | D:4      | Found a white marble altar of Elyvilon.
  2794 | D:4      | Found a sparkling altar of Nemelex Xobeh.
  2796 | D:4      | Found a glowing silver altar of Zin.
  2796 | D:4      | Found a broken altar of Ashenzari.
  2851 | D:4      | Reached skill level 6 in Polearms
  3103 | D:5      | Entered Level 5 of the Dungeon
  3237 | D:5      | Found a sacrificial altar of Ru.
  3309 | D:5      | Reached XP level 8. HP: 48/48 MP: 9/9
  3311 | D:5      | Reached skill level 7 in Polearms
  3560 | D:5      | Found a shimmering blue altar of Sif Muna.
  3642 | D:5      | Reached skill level 5 in Fighting
  3879 | D:5      | Found a bloodstained altar of Trog.
  4276 | D:6      | Found a glowing golden altar of the Shining One.
  4281 | D:6      | Reached skill level 8 in Polearms
  4396 | D:6      | Found Pepnoz's Magic Scroll Shoppe.
  4399 | D:6      | Found Tuprosimp's Antique Weapon Shop.
  4401 | D:6      | Found Etyaren's General Store.
  4827 | D:6      | Reached XP level 9. HP: 54/54 MP: 10/10
  4879 | D:6      | Reached skill level 9 in Polearms
  5015 | D:6      | Found a radiant altar of Vehumet.
  5411 | D:7      | Found Zimang's Distillery.
  5516 | D:7      | Found an iron altar of Okawaru.
  5731 | D:7      | Reached skill level 10 in Polearms
  6335 | D:8      | Found a shimmering altar of Xom.
  6335 | D:8      | Found a shimmering altar of Xom.
  6336 | D:8      | Found a shimmering altar of Xom.
  6336 | D:8      | Found a shimmering altar of Xom.
  6337 | D:8      | Found a shimmering altar of Xom.
  6661 | D:8      | Noticed a black mamba
  6746 | D:8      | Noticed a fire crab
  6750 | D:8      | Found a shimmering altar of Xom.
  6750 | D:8      | Found a shimmering altar of Xom.
  6757 | D:8      | Found a transporter.
  6759 | D:8      | Found a viscous altar of Jiyva.
  6820 | D:8      | Found a transporter.
  6824 | D:8      | Noticed a two-headed ogre
  6829 | D:8      | Killed a two-headed ogre
  6830 | D:8      | Reached skill level 11 in Polearms
  6830 | D:8      | Reached XP level 10. HP: 55/61 MP: 11/11
  6898 | D:8      | Noticed a glowing orange brain
  7365 | D:8      | Noticed a harpy
  7374 | D:8      | Noticed a guardian serpent
  7374 | D:8      | a harpy changed into a guardian serpent
  7382 | D:8      | Noticed a black mamba
  7382 | D:8      | a black bear changed into a black mamba
  7389 | D:8      | a guardian serpent changed into a spriggan
  7393 | D:8      | a black mamba changed into a human
  7600 | D:9      | Found a staircase to the Orcish Mines.
  7620 | D:9      | Reached skill level 5 in Dodging
  8064 | D:9      | Reached skill level 12 in Polearms
  8549 | D:10     | Entered Level 10 of the Dungeon
  8671 | D:10     | Reached XP level 11. HP: 60/67 MP: 12/12
  8676 | D:10     | Found a staircase to the Lair.
  8694 | D:10     | Reached skill level 13 in Polearms
  8760 | D:10     | Found an ornate altar of the Wu Jian Council.
  8971 | D:10     | Found Urizaci's Book Shoppe.
  9414 | D:10     | Identified the +0 leather armour of Refuge {rElec Int+4
                  | Dex+2}
  9489 | D:11     | Found Bycixt's Assorted Antiques.
  9523 | D:11     | Found a frozen archway.
  9549 | IceCv    | Entered an ice cave
 10010 | IceCv    | Mangled by an ice devil

Illustrated notes

Levels and vault maps discovered:
D:1:      psy_arrival_terrarium, layout_rooms, serial_aquarium,
          aquarium_bridge_square [aquarium_subvault_window,
          aquarium_subvault_bridge, aquarium_subvault_bridge,
          aquarium_subvault_wall], aquarium_bridge_square
          [aquarium_subvault_bridge, aquarium_subvault_wall,
          aquarium_subvault_bridge, aquarium_subvault_wall], aquarium_window_1,
          aquarium_window_corner, aquarium_window_corner, aquarium_view_2b,
          aquarium_view_2b, aquarium_pool_2
D:2:      layout_basic, ebering_ecumenical_altar_rust, uniq_terence
D:3:      layout_rooms, grunt_decor_clamped, uniq_ijyb, uniq_robin
D:4:      layout_loops_ring, chequers_temple_overflow_statue_of_worship,
          lemuel_crystal_altar, minmay_temple_entry_waves, st_stairs_2,
          uniq_eustachio, uniq_edmund
D:5:      layout_loops_ring, mainiacjoe_overflow_24_doors,
          mainiacjoe_overflow_catwalk, mainiacjoe_overflow_surrounded_room,
          grunt_decor_mini_mirrors, corexii_hall_statues_i
D:6:      cheibrodos_steamvent, layout_loops_ring, mainiacjoe_overflow_alcove_1,
          mainiacjoe_overflow_cross_hatched, nicolae_wooded_promenade
D:7:      layout_loops_cross, mainiacjoe_overflow_concentric_impassable,
          serial_shops, shop
D:8:      gammafunk_jiyva_shrine, layout_layer_cave, xom_shifter_show
D:9:      layout_basic, erik_orc_3
D:10:     layout_gridville, nicolae_wu_jian_wuxing_cycle,
          due_lair_maze_entry_diamond, serial_shops, kennysheep_mini_moat
D:11:     layout_loops_ring, serial_shops, nicolae_stop_n_shop_1,
          nicolae_shop_crystal, nicolae_shop_behind_doors, nicolae_square_shop,
          portal_ice_cave_entry_pillars_2, fedhas_altar_2, uniq_urug
Temple:   nicolae_temple_figure_zero
IceCv:    ice_cave_small_demon

Skill      XL: |  1  2  3  4  5  6  7  8  9 10 11 |
---------------+----------------------------------+-----
Armour         | 4 5 6 8 9 |  9.5
Dodging        | 1 2 3 4 5 6 |  6.1
Polearms       | 3 4 5 6 8 11 12 13 | 13.6
Fighting       | 4 5 6 7 |  7.9
Shields        | |  3.0

Action                   |  1- 3 |  4- 6 |  7- 9 | 10-12 || total
-------------------------+-------+-------+-------+-------++-------
Melee: Trident           |    53 |    70 |    55 |       ||   178
       Peck              |    10 |     7 |    21 |    31 ||    69
       Kick              |    11 |    16 |    40 |    47 ||   114
       Unarmed           |       |    12 |       |       ||    12
       Halberd           |       |       |   111 |   217 ||   328
       Punch             |       |       |     1 |       ||     1
Throw: Throwing net      |       |       |       |     2 ||     2
Invok: Call Merchant     |       |       |     1 |     1 ||     2
  Use: Scroll            |     7 |     4 |    12 |     3 ||    26
       Potion            |       |     1 |     1 |     4 ||     6
 Stab: Confused          |       |     1 |       |       ||     1
       Distracted        |       |       |       |     1 ||     1
Armor: Chain mail        |    29 |    22 |       |       ||    51
       Plate armour      |       |    12 |    58 |   106 ||   176
Dodge: Dodged            |    15 |    33 |    29 |    75 ||   152

Table legend: (Time is in decaauts)
 A = Elapsed time spent in this place.
 B = Non-inter-level travel time spent in this place.
 C = Inter-level travel time spent in this place.
 D = Time resting spent in this place.
 E = Time spent auto-exploring this place.
 F = Levels seen in this place.
 G = Mean time per level.
                   A        B        C        D        E       F      G
               +--------+--------+--------+--------+--------+-----+--------+
         Total |   9437 |   9096 |    341 |    715 |   6954 |  13 |  725.9 |
       Dungeon |   8865 |   8541 |    324 |    370 |   6796 |  11 |  805.9 |
        Temple |    135 |    118 |     17 |      0 |    116 |   1 |  135.0 |
      Ice Cave |    436 |    436 |      0 |    345 |     41 |   1 |  436.0 |
               +--------+--------+--------+--------+--------+-----+--------+

Top non-repeatable levels by time:
     D:8: 1286 daAuts
     D:9: 1053 daAuts
     D:5: 1007 daAuts
     D:6: 979 daAuts
    D:10: 871 daAuts
     D:3: 771 daAuts
     D:4: 763 daAuts
     D:7: 761 daAuts
     D:2: 739 daAuts
     D:1: 578 daAuts
   IceCv: 436 daAuts
  Temple: 135 daAuts
    D:11: 54 daAuts
